 Dungeon Crawl Stone Soup version 0.25-a0-566-g062765be81 (webtiles) character file.

Game seed: 2330827040075734112, levelgen mode: deterministic

9792 vurker the Zephyrmancer (level 11, 51/51 HPs)
             Began as a Felid Air Elementalist on Feb 28, 2020.
             Was a Priest of Vehumet.
             Quit the game on level 2 of the Lair of Beasts.
             The game lasted 00:30:19 (25796 turns).

vurker the Zephyrmancer (Felid Air Elementalist)   Turns: 25796, Time: 00:30:20

Health: 51/51      AC:  4    Str:  4    XL:     11   Next: 27%
Magic:  8/26       EV: 20    Int: 20    God:    Vehumet [***...]
Gold:   2049       SH:  0    Dex: 17    Spells: 21/31 levels left
                                        Lives:  1   Deaths: 2

rFire    . . .     SeeInvis +   (weapon unavailable)
rCold    . . .     Gourm    .   (shield unavailable)
rNeg     . . .     Faith    .   (armour unavailable)
rPois    .         Spirit   .   (helmet unavailable)
rElec    .         Reflect  .   (cloak unavailable)
rCorr    .         Harm     .   (gloves unavailable)
MR       +....                  (boots unavailable)
Stlth    ++++......             p - amulet of the acrobat
HPRegen  0.17/turn              w - ring of stealth
MPRegen  0.20/turn              C - ring of wizardry

@: quick
A: very small, no armour, no weapons or thrown items, stealth, claws 1, fangs 3,
molten scales 1, see invisible, carnivore, speed 1, shaggy fur 2, slow
metabolism 1, MP-powered wands, sharp paws
a: Renounce Religion


You were on level 2 of the Lair of Beasts.
You worshipped Vehumet.
Vehumet was most pleased with you.
You were completely stuffed.

You visited 3 branches of the dungeon, and saw 16 of its levels.
You also visited: Ossuary.

You collected 2049 gold pieces.

Inventory:

Jewellery
 n - an uncursed ring of flight
   (You found it on level 2 of the Dungeon)
 p - an amulet of the acrobat (around neck)
   (You found it on level 5 of the Dungeon)
 v - an uncursed ring of positive energy
   (You found it on level 3 of the Dungeon)
 w - a ring of stealth (left paw)
   (You found it on level 7 of the Dungeon)
 C - a ring of wizardry (right paw)
   (You found it on level 8 of the Dungeon)
Wands
 k - a wand of polymorph (9)
   (You found it on level 4 of the Dungeon)
 t - a wand of flame (20)
   (You found it on level 8 of the Dungeon)
 u - a wand of paralysis (5)
   (You found it on level 6 of the Dungeon)
 x - a wand of acid (1)
   (You found it on level 10 of the Dungeon)
Scrolls
 a - 5 scrolls of identify
 b - 2 scrolls of vulnerability
 c - 6 scrolls of remove curse
 d - a scroll of silence
 l - 2 scrolls of immolation
 r - 4 scrolls of teleportation
 s - 2 scrolls of fog
 A - 3 scrolls of blinking
 B - 2 scrolls of magic mapping
Potions
 f - 3 potions of cancellation
 g - 5 potions of flight
 h - 7 potions of lignification
 i - a potion of invisibility
 j - 3 potions of heal wounds
 m - 4 potions of brilliance
 o - 10 potions of curing
 z - a potion of haste
Comestibles
 e - 27 rations
 q - 6 chunks of flesh


   Skills:
 + Level 8.2 Fighting
 + Level 5.0 Dodging
 - Level 2.6 Stealth
 * Level 10.7 Spellcasting
 - Level 8.0 Conjurations
 * Level 11.0 Air Magic
 + Level 3.2 Evocations


You had 21 spell levels left.
You knew the following spells:

 Your Spells              Type           Power        Failure   Level  Hunger
a - Shock                 Conj/Air       ####         1%          1    None
b - Lightning Bolt        Conj/Air       #####.....   1%          5    ####...
c - Airstrike             Air            ######....   1%          4    ##.....

Your spell library contained the following spells:

 Spells                   Type           Power        Failure   Level  Hunger
 Inner Flame              Hex/Fire       ##......     2%          3    None
 Freeze                   Ice            ##..         1%          1    None
 Sandblast                Erth           ##....       1%          1    None
 Swiftness                Chrm/Air       ####....     1%          2    None
 Dazzling Flash           Conj/Hex       ####..       1%          3    None
 Static Discharge         Conj/Air       #####...     1%          3    None
 Stone Arrow              Conj/Erth      ####..       1%          3    None
 Passwall                 Tmut/Erth      ##......     4%          2    None
 Ozocubu's Armour         Chrm/Ice       ##......     8%          3    None
 Lee's Rapid Deconstruct  Erth           ##........   19%         5    ####...
 Cause Fear               Hex            ##........   26%         4    ##.....
 Petrify                  Tmut/Erth      ##......     26%         4    ##.....
 Simulacrum               Ice/Necr       ##........   98%         6    ######.
 Portal Projectile        Hex/Tloc       Unusable     N/A         3    N/A

Dungeon Overview and Level Annotations

Branches:
Dungeon (12/15)            Temple (1/1) D:5            Lair (3/6) D:11
    Orc (0/2) D:9         Ossuary (visited)
  Swamp: Lair:2-4    Shoals: Lair:2-4     Snake: Lair:2-4    Spider: Lair:2-4

Altars:
Ashenzari
Cheibriados
Dithmenos
Elyvilon
Fedhas
Gozag
Hepliaklqana
Kikubaaqudgha
Makhleb
Nemelex Xobeh
Okawaru
Qazlal
Ru
Sif Muna
Trog
Uskayaw
Vehumet
Wu Jian
Xom
Yredelemnul
Zin
The Shining One

Shops:
D:9 [

Annotations:
D:8 1 runed translucent door
D:11 exclusion: downstairs
Lair:2 2 transporters


Innate Abilities, Weirdness & Mutations

You cannot wear armour.
You are incapable of wielding weapons or throwing items.
Your paws allow you to move quietly. (Stealth)
You have sharp claws.
You have razor-sharp teeth.
You have supernaturally acute eyesight. (SInv)
You are carnivorous and can eat meat at any time.
You cover ground quickly.
You are covered in thick fur. (AC +2)
You have a slow metabolism.
Your sharp claws are effective at attacking unaware monsters.
You are partially covered in molten scales. (AC +2)
You expend magic power (3 MP) to strengthen your wands.


Message History

The air twists around and strikes the wolf!
You kill the wolf!
Vehumet accepts your kill.
You feel your power returning.
You can't see any susceptible monsters within range! (Use Z to cast anyway.)
You hear the deafening beating of a drum nearby.
You butcher the wolf corpse.
q - 4 chunks of flesh You see here a wolf skeleton. x2
Eating one of 4 chunks of flesh.
You eat one of the 4 chunks of flesh.
This raw flesh tastes great.
Eating one of 3 chunks of flesh.
You eat one of the 3 chunks of flesh.
This raw flesh tastes great.
You butcher the wolf corpse.
q - 5 chunks of flesh (gained 3)
You see here a wolf skeleton. x2
Found a scroll of identify.
You butcher the wolf corpse.
q - 6 chunks of flesh (gained 1)
You see here a wolf skeleton. x2
A worker ant comes into view.
A worker ant is nearby!
Aim: a worker ant (resting)
The air twists around and strikes the worker ant!
The worker ant twitches its antennae in your direction.
Aim: a worker ant (almost dead)
The air twists around and strikes the worker ant!
You kill the worker ant!
Vehumet accepts your kill.
You hear the deafening beating of a drum nearby.
You can't see any susceptible monsters within range! (Use Z to cast anyway.)
A soldier ant comes into view. x2
Aim: a soldier ant (hasn't noticed you)
The air twists around and strikes the soldier ant!
The soldier ant twitches its antennae in your direction.
A soldier ant comes into view.
Aim: a soldier ant (heavily wounded)
The air twists around and strikes the soldier ant!
The soldier ant twitches its antennae in your direction.
A worker ant comes into view.
Aim: a soldier ant (almost dead)
The air twists around and strikes the soldier ant!
You kill the soldier ant!
Vehumet accepts your kill.
Your Dodging skill increases to level 5!
Your Air Magic skill increases to level 11!
There is a stone staircase leading up here.
You climb upwards.
Level annotation: 2 transporters
There is a stone staircase leading down here.

##.####...#
##......... ###
##..## ##........
##..#####........
##...P#.........
#.#...........P#
###...........##
##...........P..#
##.............#..
###@..........#P##..
#.#...........###...
##...........###....
##...........###..##
#...........##...###
##.........##...###.
#.............#.#..
#......#.....###...
#.....###....##...8


There were no monsters in sight!

Vanquished Creatures
  Fannar (Lair:1)
  Harold (D:11)
  2 hydras
  A centaur warrior (D:8)
  A death knight (D:11)
  2 two-headed ogres (D:11)
  A black mamba (Lair:2)
  Joseph (Lair:1)
  3 spiny frogs
  4 trolls
  5 hippogriffs
  4 wraiths
  2 yaks (D:8)
  2 hungry ghosts
  Menkaure (D:7)
  2 wargs (D:11)
  A soldier ant (Lair:3)
  2 water moccasins
  5 porcupines
  4 orc warriors
  4 sky beasts
  4 ice beasts
  A black bear (D:7)
  2 necrophages (D:7)
  6 ogres
  5 wolves
  3 centaurs (D:9)
  4 crocodiles
  A big kobold (D:8)
  The ghost of drasked the Magician, an amateur DEFE (D:3)
  A gnoll sergeant (D:8)
  An elf skeleton (D:7)
  2 wyvern zombies
  13 bullfrogs
  8 scorpions
  20 killer bees
  19 wights
  3 howler monkeys
  An electric eel (Lair:1)
  6 crimson imps
  A bullfrog zombie (D:11)
  Crazy Yiuf (D:2)
  4 human zombies (D:7)
  3 jellies
  A quasit (D:7)
  3 bullfrog skeletons
  5 hounds
  4 orc priests
  A centaur skeleton (D:6)
  Terence (D:2)
  4 iguanas
  6 orc wizards
  16 worker ants
  7 big kobold zombies (Ossuary)
  An ogre skeleton (D:7)
  An ogre zombie (D:7)
  2 hound skeletons
  4 hound zombies
  Robin (D:2)
  5 mummies
  16 gnolls
  A howler monkey skeleton (D:4)
  13 adders
  A shadow imp (D:10)
  2 worms
  6 dart slugs
  3 leopard geckos
  30 orcs
  2 spectral bats (Ossuary)
  5 giant cockroaches
  5 gnoll zombies (Ossuary)
  18 goblins
  10 hobgoblins
  11 jackals
  13 kobolds
  6 quokkas
  3 ball pythons
  5 bats
  5 bat simulacra (Ossuary)
  2 frilled lizards
  A goblin simulacrum (Ossuary)
  6 goblin zombies (Ossuary)
  4 hobgoblin zombies (Ossuary)
  A jackal skeleton (D:5)
  A jackal zombie (D:8)
  6 kobold simulacra (Ossuary)
  A kobold zombie (Ossuary)
  7 orc zombies (Ossuary)
  A quokka skeleton (D:8)
  2 quokka zombies (D:6)
  3 rats
  2 rat simulacra (Ossuary)
  3 spectral goblins (Ossuary)
  5 spectral kobolds (Ossuary)
  2 spectral rats (Ossuary)
423 creatures vanquished.

Notes
Turn   | Place    | Note
-------+----------+-------------------------------------------
     0 | D:1      | vurker the Felid Air Elementalist began the quest for the
                  | Orb.
     0 | D:1      | Reached XP level 1. HP: 7/7 MP: 4/4
   189 | D:1      | Reached skill level 1 in Conjurations
   524 | D:1      | Reached XP level 2. HP: 9/12 MP: 0/6
   705 | D:1      | Reached skill level 3 in Air Magic
  1290 | D:2      | Reached skill level 1 in Fighting
  1312 | D:2      | Reached XP level 3. HP: 7/15 MP: 0/7
  1453 | D:2      | Noticed Robin
  1458 | D:2      | Killed Robin
  1913 | D:2      | Found a burning altar of Makhleb.
  1913 | D:2      | Noticed a blizzard demon
  1929 | D:2      | Noticed Terence
  2024 | D:2      | Killed Terence
  2024 | D:2      | Reached XP level 4. HP: 4/19 MP: 0/9
  2582 | D:2      | Found a runed translucent door.
  2583 | D:2      | Noticed Crazy Yiuf
  2940 | D:2      | Killed Crazy Yiuf
  2940 | D:2      | Reached XP level 5. HP: 12/22 MP: 1/10
  3189 | D:2      | Learned a level 5 spell: Lightning Bolt
  3194 | D:2      | Learned a level 4 spell: Airstrike
  3577 | D:3      | Reached skill level 4 in Air Magic
  3672 | D:3      | Found a hazy altar of Hepliaklqana.
  4099 | D:3      | Found a runed translucent door.
  4100 | D:3      | Noticed drasked's ghost (amateur DEFE)
  4978 | D:4      | Noticed an ogre
  5011 | D:4      | Killed an ogre
  5011 | D:4      | Gained mutation: You are covered in thick fur. (AC +2)
                  | [Felid growth]
  5011 | D:4      | Reached XP level 6. HP: 27/27 MP: 7/12
  5244 | D:4      | Found a shadowy altar of Dithmenos.
  5821 | D:4      | Reached XP level 7. HP: 30/30 MP: 10/14
  5858 | D:4      | Reached skill level 5 in Air Magic
  5940 | D:5      | Entered Level 5 of the Dungeon
  6020 | D:5      | Found a staircase to the Ecumenical Temple.
  6032 | Temple   | Entered the Ecumenical Temple
  6696 | D:5      | Found a bloodstained altar of Trog.
  7077 | D:5      | Reached skill level 5 in Spellcasting
  7219 | D:5      | Reached XP level 8. HP: 34/34 MP: 12/16
  7557 | D:5      | Found a sparkling altar of Nemelex Xobeh.
  7795 | D:6      | Found a sand-covered staircase.
  7808 | Ossuary  | Entered an ossuary
  9004 | Ossuary  | Reached skill level 6 in Air Magic
  9604 | D:6      | Noticed a hippogriff
  9607 | D:6      | Killed a hippogriff
  9655 | D:6      | Found a glowing silver altar of Zin.
  9890 | D:6      | Identified a scroll of acquirement
  9891 | D:6      | Identified the ring of Ropp {Fire Int+5} (You acquired it
                  | on level 6 of the Dungeon)
 10398 | D:3      | Killed drasked's ghost
 11206 | D:7      | Reached XP level 9. HP: 33/39 MP: 11/19
 11388 | D:7      | Reached skill level 7 in Air Magic
 11540 | D:7      | Found a basalt altar of Yredelemnul.
 11871 | D:7      | Gained mutation: You expend magic power (3 MP) to
                  | strengthen your wands. [potion of mutation]
 11871 | D:7      | Gained mutation: You are partially covered in molten
                  | scales. (AC +2) [potion of mutation]
 12008 | D:7      | Reached skill level 5 in Fighting
 12864 | D:7      | Reached skill level 8 in Air Magic
 13032 | D:7      | Reached skill level 5 in Conjurations
 13158 | D:7      | Noticed Menkaure
 13160 | D:7      | Killed Menkaure
 13652 | D:8      | Found an ancient bone altar of Kikubaaqudgha.
 13652 | D:8      | Found a radiant altar of Vehumet.
 13655 | D:8      | Became a worshipper of Vehumet
 13679 | D:8      | Reached XP level 10. HP: 45/45 MP: 9/22
 15007 | D:8      | Reached * piety under Vehumet
 15007 | D:8      | Offered knowledge of Foxfire by Vehumet.
 16264 | D:8      | Reached skill level 9 in Air Magic
 16448 | D:8      | Noticed a centaur warrior
 16448 | D:8      | Noticed an unseen horror
 16448 | D:8      | Noticed a manticore
 16468 | D:8      | Found a runed translucent door.
 16550 | D:8      | Noticed a centaur warrior
 16559 | D:8      | Killed a centaur warrior
 16569 | D:8      | HP: 2/46 [troll (9)]
 16569 | D:8      | Slain by a troll
 16570 | D:8      | Reached XP level 9. HP: -5/42 MP: 0/22
 16641 | D:8      | Offered knowledge of Magic Dart by Vehumet.
 16772 | D:8      | Killed a troll
 16782 | D:8      | Reached ** piety under Vehumet
 16925 | D:8      | Identified Doobruorph's Catalogue of Icy Bewitchment
 17073 | D:8      | Reached XP level 10. HP: 46/46 MP: 19/24
 18284 | D:9      | Found a staircase to the Orcish Mines.
 18402 | D:9      | Found Lyeptuz's Armour Boutique.
 18934 | D:10     | Entered Level 10 of the Dungeon
 19395 | D:10     | Offered knowledge of Frozen Ramparts by Vehumet.
 19787 | D:10     | Reached *** piety under Vehumet
 20732 | D:11     | Noticed an eight-headed hydra
 20737 | D:11     | Killed an eight-headed hydra
 20972 | D:11     | Found a sparkling altar of Nemelex Xobeh.
 21056 | D:11     | Reached skill level 10 in Air Magic
 21056 | D:11     | Reached XP level 11. HP: 50/50 MP: 8/25
 21314 | D:11     | Noticed a two-headed ogre
 21326 | D:11     | Killed a two-headed ogre
 21676 | D:11     | Noticed a two-headed ogre
 21680 | D:11     | Killed a two-headed ogre
 21690 | D:11     | Offered knowledge of Inner Flame by Vehumet.
 21768 | D:11     | Reached skill level 10 in Spellcasting
 21854 | D:11     | Found a staircase to the Lair.
 22168 | D:11     | Noticed a death knight
 22218 | D:11     | Killed a death knight
 22218 | D:11     | Reached skill level 1 in Evocations
 22528 | D:11     | Noticed Harold
 22559 | D:11     | Killed Harold
 22749 | D:12     | Noticed a catoblepas
 22749 | D:12     | Noticed a catoblepas
 22831 | Lair:1   | Entered Level 1 of the Lair of Beasts
 23378 | Lair:1   | Noticed Joseph
 23383 | Lair:1   | Killed Joseph
 23386 | Lair:1   | Noticed Fannar
 23625 | Lair:1   | Killed from afar by Fannar
 23626 | Lair:1   | Reached XP level 10. HP: -12/48 MP: 0/25
 23669 | Lair:1   | Killed Fannar
 23956 | Lair:2   | Noticed a black mamba
 23959 | Lair:2   | Killed a black mamba
 24142 | Lair:2   | Noticed a spiny frog
 24153 | Lair:2   | Killed a spiny frog
 24153 | Lair:2   | Reached XP level 11. HP: 51/51 MP: 9/26
 24339 | Lair:2   | Noticed a six-headed hydra
 24345 | Lair:2   | Killed a six-headed hydra
 24690 | Lair:2   | Found a transporter.
 25182 | Lair:2   | Found a transporter.
 25790 | Lair:3   | Reached skill level 5 in Dodging
 25790 | Lair:3   | Reached skill level 11 in Air Magic
 25796 | Lair:2   | Quit the game

Levels and vault maps discovered:
D:1:      lemuel_arrival_broad_hall, layout_basic
D:2:      layout_loops_ring, first_ration, makhleb_altar_promises_db,
          uniq_crazy_yiuf_cottage, uniq_robin, uniq_terence
D:3:      kennysheep_the_goblin_king, layout_basic,
          nicolae_overflow_crystal_walls, ebering_ghost_reflecting_pool
D:4:      minmay_wonky_spiral, layout_loops_ring, lemuel_crystal_altar,
          st_stairs_13
D:5:      layout_basic, bloody_trog, overflow_temple_1_default,
          minmay_temple_entry_ruins
D:6:      layout_basic, lemuel_round_altar, enter_ossuary_3
D:7:      layout_loops_corners, lemuel_mausoleum_altar_yredelemnul,
          uniq_menkaure
D:8:      minmay_the_grid_triangle_9x9_rhombus_full
          [minmay_the_grid_triangle_9x9_wacky_v,
          minmay_the_grid_triangle_9x9_dagger,
          minmay_the_grid_triangle_9x9_semitri,
          minmay_the_grid_triangle_9x9_negative_grid,
          minmay_the_grid_triangle_9x9_minimal,
          minmay_the_grid_triangle_9x9_subtriangle,
          minmay_the_grid_triangle_9x9_windchime,
          minmay_the_grid_triangle_9x9_prize_top_heavy], layout_gridville,
          gammafunk_temple_overflow_elements
D:9:      layout_loops_ring, orc_david_3
D:10:     layout_roguey
D:11:     layout_roguey, erik_lair_orcish_takeover, basic_altar, uniq_harold
D:12:     nzn_motion_control, layout_loops_ring, serial_shops,
          nicolae_shop_trees, uniq_snorg
Temple:   eino_narrow_crystal_temple
Lair:1:   layout_gridlike, uniq_fannar, uniq_joseph
Lair:2:   gammafunk_cloud_chamber, layout_layer_cave, minmay_hedge_maze,
          infiniplex_staircase_pool_2, grunt_megastairs_3
Lair:3:   layout_loops_ring, gauntlet_entry_generic, minivault_29

Skill      XL: |  1  2  3  4  5  6  7  8  9 10 11 |
---------------+----------------------------------+-----
Conjurations   | 1 2 3 4 5 7 8 |  8.0
Air Magic      | 3 4 5 6 8 10 11 | 11.0
Fighting       | 1 2 3 4 5 8 |  8.2
Spellcasting   | 3 4 5 6 9 8 10 | 10.7
Dodging        | 4 5 |  5.0
Evocations     | 3 |  3.2
Stealth        | |  2.6

Action                   |  1- 3 |  4- 6 |  7- 9 | 10-12 || total
-------------------------+-------+-------+-------+-------++-------
Melee: Unarmed           |    22 |     6 |    28 |    20 ||    76
       Bite              |     2 |       |     3 |     3 ||     8
 Cast: Shock             |    77 |   182 |   295 |    25 ||   579
       Airstrike         |       |       |   108 |   346 ||   454
       Lightning Bolt    |       |       |       |     2 ||     2
Evoke: Wand              |       |       |     7 |    32 ||    39
  Use: Scroll            |       |    11 |    10 |     9 ||    30
       Potion            |       |       |     1 |       ||     1
  Eat: Chunk             |    10 |     7 |    32 |    51 ||   100
Armor: Skin              |     4 |     2 |     4 |    10 ||    20
Dodge: Dodged            |    19 |    33 |   114 |    85 ||   251

Table legend:
 A = Non-vault XP
 B = Vault XP
 C = Vault XP percentage of total XP
 D = Non-vault monster count
 E = Vault monster count
 F = Vault count percentage of total count
                 A         B        C        D         E       F
            +---------+---------+-------+---------+---------+-------
      Total |   18743 |    8950 |  32.3 |     282 |     141 |  33.3
            +---------+---------+-------+---------+---------+-------
        D:1 |      32 |       0 |   0.0 |      18 |       0 |   0.0
        D:2 |      64 |     117 |  64.6 |      14 |      14 |  50.0
        D:3 |      84 |     108 |  56.2 |      23 |       8 |  25.8
        D:4 |     412 |     145 |  26.0 |      17 |       3 |  15.0
        D:5 |     575 |       0 |   0.0 |      17 |       0 |   0.0
        D:6 |     663 |       0 |   0.0 |      15 |       0 |   0.0
        D:7 |    1935 |     770 |  28.5 |      27 |      13 |  32.5
        D:8 |    2953 |    2631 |  47.1 |      66 |      20 |  23.3
        D:9 |    1150 |      18 |   1.5 |      14 |       6 |  30.0
       D:10 |    2092 |       0 |   0.0 |      24 |       0 |   0.0
       D:11 |    5494 |    1626 |  22.8 |      26 |      10 |  27.8
     Lair:1 |    1177 |    1443 |  55.1 |       8 |       2 |  20.0
     Lair:2 |    1623 |    1590 |  49.5 |       9 |       4 |  30.8
     Lair:3 |     489 |     258 |  34.5 |       4 |       4 |  50.0
    Ossuary |       0 |     244 | 100.0 |       0 |      57 | 100.0
            +---------+---------+-------+---------+---------+-------
